 Dungeon Crawl Stone Soup version 0.30-a0-1102-g2dbb833546 (webtiles) character file.

Game seed: 12043154845128442909

42504 FlurksSlurper the Thrower (level 13, 0/99 HPs)
             Began as a Demonspawn Brigand on Apr 18, 2023.
             Was an Initiate of Gozag.
             Slain by a seven-headed hydra (9 damage)
             ... on level 5 of the Lair of Beasts.
             The game lasted 01:03:26 (18659 turns).

FlurksSlurper the Thrower (Demonspawn Brigand)     Turns: 18659, Time: 01:03:27

Health: 0/99       AC: 14    Str: 17    XL:     13   Next: 85%
Magic:  19/21      EV: 12    Int: 26    God:    Gozag
Gold:   1762       SH:  5    Dex: 14    Spells: 7/23 levels left

rFire   + . .      SeeInvis +    a - +11 mace of Ancient Evil {heavy, +Blink rF+ Str-2 Int+3}
rCold   + + +      Faith    .    (no shield)
rNeg    . . .      Spirit   .    Z - +4 skin of Zhor {*Englaciate rC+++ SInv}
rPois   .          Reflect  +    c - +2 hat
rElec   .          Rampage  .    (cloak unavailable)
rCorr   .                        q - +0 pair of gloves
Will    .....                    V - +2 pair of boots
Stlth   ++++                     u - amulet of reflection
HPRegen 0.36/turn                N - +6 ring of strength
MPRegen 0.17/turn                x - +6 ring of intelligence

@: no status effects
A: yellow scales 1, ignite blood 2, powered by death 2, weakness stinger 3
a: Renounce Religion, Evoke Blink, Potion Petition, Call Merchant, Bribe Branch


You were on level 5 of the Lair of Beasts.
You worshipped Gozag.
Gozag was most pleased with you.
You visited 4 branches of the dungeon, and saw 18 of its levels.

You collected 5936 gold pieces.
You spent 4065 gold pieces at shops.
You paid 109 gold pieces to Gozag.

Inventory:

Hand Weapons
 a - the +11 mace of Ancient Evil (weapon) {heavy, +Blink rF+ Str-2 Int+3}
   (You bought it in a shop on level 3 of the Dungeon)

   Str:       It affects your strength (-2).
   Int:       It affects your intelligence (+3).
   rF:        It protects you from fire.
   +Blink:    It lets you blink.
 b - a +3 dagger of venom
 A - a +2 hand axe of flaming
Missiles
 d - 15 poisoned darts
 O - 7 boomerangs (quivered)
 X - 4 curare-tipped darts
Armour
 c - a +2 hat (worn)
 e - a +0 tower shield
 q - a +0 pair of gloves (worn)
 V - a +2 pair of boots (worn)
 Z - the +4 skin of Zhor (worn) {*Englaciate rC+++ SInv}
   (You found it on level 3 of the Lair of Beasts)

   *Englaciate: It radiates cold, occasionally slowing all nearby creatures who
   are not resistant to cold.
   rC:        It renders you almost immune to cold.
   SInv:      It lets you see invisible.
Jewellery
 s - a ring of positive energy
 u - an amulet of reflection (around neck)
 x - a +6 ring of intelligence (right hand)
 D - an amulet of the acrobat
 I - a +6 ring of dexterity
 N - a +6 ring of strength (left hand)
 W - a ring of protection from fire
Wands
 P - a wand of flame (4)
 Q - a wand of digging (6)
 S - a wand of polymorph (3)
 U - a wand of iceblast (5)
Scrolls
 g - 5 scrolls of silence
 i - 2 scrolls of identify
 o - 6 scrolls of fog
 r - 3 scrolls of immolation
 v - a scroll of butterflies
 y - 3 scrolls of blinking
 z - 3 scrolls of enchant weapon
 C - 9 scrolls of teleportation
 E - a scroll of magic mapping
 G - a scroll of enchant armour
 H - 3 scrolls of noise
 J - 2 scrolls of fear
 L - 3 scrolls of amnesia
 M - 4 scrolls of poison
 T - a scroll of vulnerability
Potions
 f - 4 potions of heal wounds
 h - 5 potions of brilliance
 j - 2 potions of might
 k - 5 potions of attraction
 l - 2 potions of ambrosia
 m - 6 potions of curing
 n - 3 potions of flight
 p - a potion of berserk rage
 w - 2 potions of invisibility
 B - a potion of cancellation
 F - a potion of resistance
 K - 2 potions of haste
 R - 2 potions of magic
 Y - a potion of lignification


   Skills:
 - Level 8.5 Fighting
 - Level 1.7 Short Blades
 - Level 9.0 Maces & Flails
 - Level 9.3 Throwing
 - Level 2.7 Armour
 - Level 2.7 Dodging
 - Level 8.7 Stealth
 - Level 3.1 Shields
 - Level 5.7 Spellcasting
 - Level 4.7 Hexes
 + Level 9.0 Summonings
 - Level 6.6 Necromancy
 * Level 7.4 Air Magic


You had 7 spell levels left.
You knew the following spells:

 Your Spells              Type           Power      Damage    Failure   Level
a - Summon Small Mammal   Summ           100%       N/A       1%          1
b - Anguish               Hex/Necr       18%        N/A       7%          4
c - Call Canine Familiar  Summ           52%        N/A       1%          3
d - Summon Lightning Spi  Summ/Air       50%        N/A       2%          4
e - Dispel Undead         Necr           42%        3d17      4%          4

Your spell library contained the following spells:

 Spells                   Type           Power      Damage    Failure   Level
 Kiss of Death            Conj/Necr      96%        2d12      1%          1
 Necrotise                Necr           100%       1d9       1%          1
 Sublimation of Blood     Necr           42%        N/A       1%          2
 Swiftness                Air            46%        N/A       1%          3
 Static Discharge         Conj/Air       52%        2-5/arc   2%          2
 Confusing Touch          Hex            31%        N/A       3%          3
 Airstrike                Air            23%        2d(4-20)  3%          4
 Ensorcelled Hibernation  Hex/Ice        38%        N/A       4%          2
 Apportation              Tloc           14%        N/A       7%          1
 Portal Projectile        Hex/Tloc       38%        N/A       9%          3
 Lesser Beckoning         Tloc           14%        N/A       11%         2
 Passwall                 Tmut/Erth      5%         N/A       11%         2
 Scorch                   Fire           14%        2d6       11%         2
 Cause Fear               Hex            15%        N/A       11%         4
 Silence                  Hex/Air        19%        N/A       16%         5
 Gell's Gravitas          Tloc           7%         N/A       22%         3
 Teleport Other           Tloc           7%         N/A       22%         3
 Leda's Liquefaction      Hex/Erth       9%         N/A       26%         4
 Summon Cactus Giant      Summ           26%        N/A       26%         6
 Flame Wave               Conj/Fire      7%         2d5       56%         4
 Passage of Golubria      Tloc           7%         N/A       56%         4
 Petrify                  Tmut/Erth      7%         N/A       56%         4
 Irradiate                Conj/Tmut      3%         3d12      89%         5
 Iskenderun's Battlesphe  Conj           7%         2d6       89%         5
 Iron Shot                Conj/Erth      3%         9d2       100%        6
 Enfeeble                 Hex            15%        N/A       100%        7
 Spellforged Servitor     Conj/Summ      15%        N/A       100%        7
 Lehudib's Crystal Spear  Conj/Erth      3%         10d3      100%        8


Dungeon Overview and Level Annotations

Branches:
Dungeon (10/15)            Temple (1/1) D:6            Lair (5/5) D:10
  Swamp (0/4) Lair:2       Spider (0/4) Lair:3        Slime (0/5) Lair:4
    Orc (2/2) D:9             Elf (0/3) Orc:2

Altars:
Ashenzari
Cheibriados
Dithmenos
Fedhas
Gozag
Hepliaklqana
Kikubaaqudgha
Makhleb
Nemelex Xobeh
Okawaru
Qazlal
Ru
Sif Muna
Trog
Uskayaw
Vehumet
Wu Jian
Xom
Yredelemnul

Shops:
D:3 **:   Orc:1 *   Orc:2 :[:(![

Annotations:
Lair:2 1 runed translucent door, Ysuhawk's ghost, journeyman DsBr


Innate Abilities, Weirdness & Mutations

You are partially covered in yellow scales. (AC +2)
Your demonic aura often causes spilled blood to erupt in flames.
You regenerate health from kills.
You have a sharp stinger which inflicts weakening toxins.


Message History

The komodo dragon bites you!
An elephant comes into view.
The komodo dragon bites you but does no damage.
The basilisk gazes at you.
You easily resist.
The seven-headed hydra bites you but does no damage.
The seven-headed hydra bites you.
The seven-headed hydra bites you but does no damage.
The seven-headed hydra bites you. The seven-headed hydra bites you!
The seven-headed hydra bites you. x2; The komodo dragon bites you.
The komodo dragon bites you.
* * * LOW HITPOINT WARNING * * *
The seven-headed hydra bites you but does no damage.
The seven-headed hydra barely misses you.
The seven-headed hydra bites you but does no damage. x2
The seven-headed hydra bites you.
* * * LOW HITPOINT WARNING * * *
The seven-headed hydra bites you!
* * * LOW HITPOINT WARNING * * *
The seven-headed hydra bites you but does no damage.
The basilisk bites you!
* * * LOW HITPOINT WARNING * * *
The komodo dragon bites you!
* * * LOW HITPOINT WARNING * * *
You hear a roar!
You turn to flesh and can move again.
As you read the scroll of fear, it crumbles to dust.
You assume a fearsome visage.
The elephant looks frightened!
The elephant trumpets!
The basilisk looks frightened!
The seven-headed hydra resists with some effort.
The komodo dragon looks frightened! x2; The seven-headed hydra misses you.
The seven-headed hydra completely misses you.
The seven-headed hydra bites you.
* * * LOW HITPOINT WARNING * * *
The seven-headed hydra bites you.
* * * LOW HITPOINT WARNING * * *
The seven-headed hydra bites you!
You die...
Your body crumbles into a pile of gold. ....
PPY##

...## ##...##
#.....# ##...P#
## #...[.###.#
#.D.#....#
##l@##..P##
#..l.#....#
......l...###..#
.........P#
#..##
..##$P.####
#...## # #....
#.#..# ......
#.##..#### #
....#.. ...
#.....###..
###.... ...#
#..........


You could see a seven-headed hydra, an elephant (fleeing), 2 komodo dragons and
a basilisk (fleeing).

Vanquished Creatures
  A hydra (Lair:3)
  4 ogre magi (Orc:2)
  Erolcha (D:10)
  13 two-headed ogres
  Nergalle (Lair:2)
  7 elephants
  8 cane toads
  2 black mambas (Lair:2)
  Psyche (D:10)
  2 rime drakes (Lair:3)
  5 komodo dragons
  3 trolls
  2 polar bears
  A hornet (D:10)
  11 blink frogs
  2 dream sheep (Lair:3)
  Sigmund (D:4)
  A shadow (D:10)
  16 yaks
  4 wyverns
  Grum (Lair:1)
  3 basilisks
  A redback (Lair:3)
  Menkaure (D:4)
  4 steam dragons
  6 wargs
  14 water moccasins
  5 black bears
  A sky beast (D:6)
  An ice beast (D:6)
  8 orc warriors
  26 ogres
  8 wolves
  4 centaurs
  A kobold brigand (D:8)
  11 bullfrogs
  2 scorpions (D:4)
  4 killer bees (D:8)
  5 howler monkeys
  2 hounds
  5 jellies
  9 orc priests
  2 gnoll boudas
  4 iguanas
  A sleepcap (D:6)
  13 orc wizards
  14 gnolls
  8 adders
  A shadow imp (D:6)
  A worm (D:3)
  2 dart slugs
  33 orcs
  8 endoplasms
  5 giant cockroaches
  8 goblins
  9 hobgoblins
  16 kobolds
  6 ball pythons
  3 bats
  3 frilled lizards
  3 rats
348 creatures vanquished.

Vanquished Creatures (collateral kills)
  2 oklob plants (Lair:2)
  A torpor snail (Lair:3)
  2 cane toads
  8 blink frogs
  2 dream sheep (Lair:3)
  2 wraiths (D:10)
  7 yaks
  A wyvern (Lair:3)
  A redback (Lair:3)
  2 water moccasins
  2 black bears (D:10)
  4 wolves (Lair:4)
34 creatures vanquished.

Vanquished Creatures (others)
  11 fungi
  44 plants
55 creatures vanquished.

Grand Total: 437 creatures vanquished

Notes
Turn   | Place    | Note
-------+----------+-------------------------------------------
     0 | D:1      | FlurksSlurper the Demonspawn Brigand began the quest for
                  | the Orb.
     0 | D:1      | Reached XP level 1. HP: 16/16 MP: 1/1
   106 | D:1      | Reached skill level 1 in Spellcasting
   211 | D:1      | Gained mutation: You regenerate a little health from kills.
                  | [demonic ancestry]
   211 | D:1      | Reached XP level 2. HP: 20/22 MP: 2/4
   576 | D:1      | Found a faded altar of an unknown god.
   801 | D:2      | Gained mutation: You are partially covered in yellow
                  | scales. (AC +2) [demonic ancestry]
   801 | D:2      | Reached XP level 3. HP: 6/27 MP: 6/6
  1179 | D:2      | Reached XP level 4. HP: 29/33 MP: 9/9
  1843 | D:3      | Found a radiant altar of Vehumet.
  1977 | D:3      | Found Ocexen's General Store.
  1980 | D:3      | Bought a potion of heal wounds for 50 gold pieces
  2186 | D:3      | Found an ancient bone altar of Kikubaaqudgha.
  2257 | D:3      | Found a stormy altar of Qazlal.
  2445 | D:3      | Found Biraloch's Assorted Antiques.
  2453 | D:3      | Bought a bubbling inky potion for 19 gold pieces
  2453 | D:3      | Bought a metallic amethyst potion for 19 gold pieces
  2595 | D:3      | Found Holepl Humo's Book Shoppe.
  2784 | D:4      | Noticed Menkaure
  2790 | D:4      | Killed Menkaure
  2791 | D:4      | Reached skill level 5 in Spellcasting
  2791 | D:4      | Gained mutation: Your demonic aura sometimes causes spilled
                  | blood to erupt in flames. [demonic ancestry]
  2791 | D:4      | Reached XP level 5. HP: 38/38 MP: 10/12
  2831 | D:4      | Gained mutation: You have a small tail. [demonic ancestry]
  2831 | D:4      | Reached XP level 6. HP: 41/44 MP: 13/13
  2887 | D:4      | Noticed Sigmund
  2906 | D:4      | Killed Sigmund
  2907 | D:4      | Reached skill level 5 in Stealth
  3253 | D:4      | Found a large runed translucent door.
  3254 | D:4      | Found a large runed translucent door.
  3436 | D:4      | Reached XP level 7. HP: 46/51 MP: 14/14
  3640 | D:4      | Found a blossoming altar of Fedhas.
  3991 | D:5      | Entered Level 5 of the Dungeon
  4415 | D:5      | Found a broken altar of Ashenzari.
  4441 | D:5      | Found an iron altar of Okawaru.
  4484 | D:5      | Reached XP level 8. HP: 58/60 MP: 15/15
  5239 | D:6      | Found a staircase to the Ecumenical Temple.
  5247 | Temple   | Entered the Ecumenical Temple
  5266 | Temple   | Became a worshipper of Gozag Ym Sagoz the Greedy
  5778 | D:6      | Learned a level 1 spell: Summon Small Mammal
  5782 | D:6      | Identified the +4 mace "Wategol" {elec, +Blink rN++ Int+3
                  | Dex-3}
  5825 | D:6      | Found a shadowy altar of Dithmenos.
  5876 | D:6      | Reached skill level 5 in Fighting
  5876 | D:6      | Reached skill level 1 in Summonings
  6137 | D:6      | Found an ornate altar of the Wu Jian Council.
  6309 | D:6      | Gained mutation: Your demonic aura often causes spilled
                  | blood to erupt in flames. [demonic ancestry]
  6309 | D:6      | Reached XP level 9. HP: 68/68 MP: 16/16
  6418 | D:3      | Bought a potion of mutation for 80 gold pieces
  6418 | D:3      | Bought 2 scrolls of identify for 40 gold pieces
  6418 | D:3      | Bought a scroll of identify for 20 gold pieces
  6466 | D:3      | Bought a scorched mace for 176 gold pieces
  6466 | D:3      | Identified the +11 mace of Ancient Evil {heavy, +Blink rF+
                  | Str-2 Int+3} (You bought it in a shop on level 3 of the
                  | Dungeon)
  7060 | D:7      | Reached skill level 1 in Maces & Flails
  7396 | D:8      | Noticed a komodo dragon
  7399 | D:8      | Killed a komodo dragon
  7407 | D:8      | Reached skill level 5 in Maces & Flails
  7732 | D:8      | Gained mutation: You regenerate health from kills. [demonic
                  | ancestry]
  7732 | D:8      | Reached XP level 10. HP: 76/76 MP: 17/17
  8601 | D:9      | Found a staircase to the Orcish Mines.
  8627 | Orc:1    | Entered Level 1 of the Orcish Mines
  8779 | Orc:1    | Found Xang's Assorted Antiques.
  8795 | Orc:1    | Bought a glowing cloak for 270 gold pieces
  8795 | Orc:1    | Bought a murky green potion for 32 gold pieces
  9231 | Orc:1    | Identified a scroll of acquirement
  9232 | Orc:1    | Acquired 1165 gold pieces
  9392 | D:3      | Bought a jewelled plate armour for 616 gold pieces
  9392 | D:3      | Identified the +0 plate armour "Toshogg" {*Corrode rN++}
                  | (You bought it in a shop on level 3 of the Dungeon)
  9395 | D:3      | Bought a scroll of fog for 88 gold pieces
  9459 | D:3      | Bought a book of Hexes for 504 gold pieces
  9459 | D:3      | Bought a book of the Hunter for 364 gold pieces
  9464 | D:3      | Learned a level 4 spell: Anguish
  9468 | D:3      | Learned a level 3 spell: Call Canine Familiar
  9761 | D:9      | Noticed a two-headed ogre
  9792 | D:9      | Reached skill level 1 in Hexes
  9792 | D:9      | Reached skill level 1 in Necromancy
  9799 | D:9      | Reached skill level 1 in Armour
 10308 | D:9      | Killed a two-headed ogre
 10309 | D:9      | Reached skill level 1 in Shields
 10650 | D:10     | Entered Level 10 of the Dungeon
 10681 | D:9      | HP: 1/76 [something (9)]
 10945 | D:10     | Reached XP level 11. HP: 81/81 MP: 19/19
 11088 | Orc:2    | Entered Level 2 of the Orcish Mines
 11104 | Orc:2    | Noticed a two-headed ogre
 11105 | Orc:2    | Noticed a two-headed ogre
 11114 | Orc:2    | Killed a two-headed ogre
 11117 | Orc:2    | Noticed a two-headed ogre
 11118 | Orc:2    | Noticed a two-headed ogre
 11118 | Orc:2    | Noticed a two-headed ogre
 11118 | Orc:2    | Noticed a two-headed ogre
 11120 | Orc:2    | Noticed a two-headed ogre
 11131 | Orc:1    | Killed a two-headed ogre
 11298 | Orc:2    | Found a staircase to the Elven Halls.
 11341 | Orc:2    | Noticed an ogre mage
 11346 | Orc:2    | Reached skill level 5 in Throwing
 11362 | Orc:2    | Killed a two-headed ogre
 11474 | Orc:2    | Noticed a two-headed ogre
 11644 | Orc:2    | Found Teugeege's Magic Scroll Shoppe.
 11647 | Orc:2    | Bought a scroll of vulnerability for 60 gold pieces
 11647 | Orc:2    | Bought a scroll of identify for 30 gold pieces
 11647 | Orc:2    | Bought a scroll of identify for 30 gold pieces
 11647 | Orc:2    | Bought 2 scrolls of blinking for 225 gold pieces
 11647 | Orc:2    | Bought 2 scrolls of poison for 120 gold pieces
 11647 | Orc:2    | Bought a scroll of enchant weapon for 112 gold pieces
 11647 | Orc:2    | Bought a scroll of identify for 30 gold pieces
 11647 | Orc:2    | Bought a scroll of fog for 60 gold pieces
 11647 | Orc:2    | Bought a scroll of teleportation for 45 gold pieces
 11686 | Orc:2    | Noticed an ogre mage
 11697 | Orc:2    | Killed an ogre mage
 11699 | Orc:2    | Noticed an ogre mage
 11764 | Orc:2    | Noticed an ogre mage
 11775 | Orc:2    | Paralysed by an ogre mage for 5 turns
 11869 | Orc:2    | Killed an ogre mage
 11921 | Orc:2    | Killed a two-headed ogre
 11998 | Orc:2    | Paralysed by something for 4 turns
 12003 | Orc:2    | Killed an ogre mage
 12030 | Orc:2    | Killed an ogre mage
 12054 | Orc:2    | Noticed a two-headed ogre
 12058 | Orc:2    | Killed a two-headed ogre
 12059 | Orc:2    | Gained mutation: You have a tail ending in a sharp stinger.
                  | [demonic ancestry]
 12059 | Orc:2    | Reached XP level 12. HP: 89/89 MP: 20/20
 12078 | Orc:2    | Noticed a two-headed ogre
 12084 | Orc:2    | Killed a two-headed ogre
 12085 | Orc:2    | Noticed a two-headed ogre
 12091 | Orc:2    | Killed a two-headed ogre
 12094 | Orc:2    | Killed a two-headed ogre
 12098 | Orc:2    | Killed a two-headed ogre
 12139 | Orc:2    | Killed a two-headed ogre
 12144 | Orc:2    | Killed a two-headed ogre
 12152 | Orc:2    | Found Leacwy's Antique Weapon Emporium.
 12185 | Orc:2    | Found Juuv's Armour Emporium.
 12187 | Orc:2    | Reached skill level 5 in Necromancy
 12232 | Orc:2    | Found Yddox's Distillery.
 12233 | Orc:2    | Found Heh Osch's Armour Boutique.
 12233 | Orc:2    | Found Baenanah's Book Emporium.
 12242 | Orc:2    | Bought a twisted mace for 208 gold pieces
 12242 | Orc:2    | Identified the +6 mace of Taseyrit {drain, Str+7} (You
                  | bought it in a shop on level 2 of the Orcish Mines)
 12246 | Orc:2    | Bought a potion of cancellation for 120 gold pieces
 12246 | Orc:2    | Bought a potion of heal wounds for 75 gold pieces
 12266 | Orc:2    | Found Koileih's Book Emporium.
 12284 | Orc:2    | Bought a book of Touch for 308 gold pieces
 12284 | Orc:2    | Bought a book of Storms for 364 gold pieces
 12617 | D:10     | Found a hide-covered altar of Uskayaw.
 12688 | D:10     | Learned a level 4 spell: Summon Lightning Spire
 12693 | D:10     | Learned a level 4 spell: Dispel Undead
 12812 | D:10     | Noticed Psyche
 12820 | D:10     | Killed Psyche
 12821 | D:10     | Reached skill level 1 in Dodging
 12821 | D:10     | Reached skill level 5 in Summonings
 12845 | D:10     | Reached skill level 1 in Air Magic
 12867 | D:10     | Found a staircase to the Lair.
 12881 | D:10     | Noticed Erolcha
 12887 | D:10     | Killed Erolcha
 13090 | D:10     | Noticed a two-headed ogre
 13096 | D:10     | Killed a two-headed ogre
 13380 | Lair:1   | Entered Level 1 of the Lair of Beasts
 13809 | Lair:1   | Noticed Grum
 13818 | Lair:1   | Killed Grum
 14239 | Lair:2   | Found a staircase to the Swamp.
 14245 | Lair:2   | Gained mutation: You have a sharp stinger which inflicts
                  | weakening toxins. [demonic ancestry]
 14245 | Lair:2   | Reached XP level 13. HP: 98/98 MP: 21/21
 14329 | Lair:2   | Noticed Nergalle
 14342 | Lair:2   | Killed Nergalle
 14874 | Lair:2   | Found a runed translucent door.
 14874 | Lair:2   | Noticed Ysuhawk's ghost (journeyman DsBr)
 16126 | D:4      | Found a sparkling altar of Nemelex Xobeh.
 16139 | D:4      | Found a burning altar of Makhleb.
 16673 | Lair:3   | Reached skill level 5 in Air Magic
 16997 | Lair:3   | Found the +4 skin of Zhor {*Englaciate rC+++ SInv}
 17259 | Lair:3   | Found a hole to the Spider Nest.
 17816 | Lair:4   | Identified the +5 chain mail "Tupluyfeff" {-Cast rF++ rC-
                  | rCorr}
 18150 | Lair:4   | Identified the +9 falchion of the Inferno {heavy, rC- Int+4
                  | Dex+4}
 18270 | Lair:4   | Found a staircase to the Slime Pits.
 18552 | Lair:5   | Entered Level 5 of the Lair of Beasts
 18659 | Lair:5   | Slain by a seven-headed hydra

Illustrated notes

Levels and vault maps discovered:
D:1:      matt_arrival_diagonals, layout_loops_ring,
          chequers_ecumenical_altar_grove, minmay_pentomino_q2
D:2:      layout_basic, nicolae_half_adder
D:3:      layout_loops_corners, grunt_qazlal_clouds, zin_academy,
          mainiacjoe_overflow_alcove_1, nicolae_kikubaaqudgha_miasma_corner,
          cheibrodos_sewer_entry_bend, serial_shops, shop,
          nicolae_shop_tiny_statue_garden, shop
D:4:      layout_basic, fedhas_altar_fruit_tree, jmf_multi_god_temple2,
          uniq_menkaure, uniq_grinder, uniq_sigmund
D:5:      cheibrodos_helix_gallery, layout_loops_cross,
          nicolae_ashenzari_panopticon, okawaru_gym_becter,
          kennysheep_crisscross
D:6:      layout_rooms, mainiacjoe_overflow_alcove_4, lemuel_doored_altar,
          minmay_temple_entry_arrows
D:7:      layout_cave_pools, kennysheep_minor_cross
D:8:      minmay_bubble_buster, layout_rooms
D:9:      layout_long_grid, orc_0_dummy, serial_co_window_serial,
          co_window_paths_a, co_window_paths_a, co_window_corner_a,
          co_window_corner_a, co_window_paths_b, co_window_cross_2,
          co_window_of_opportunity_c, co_window_cross_3, co_window_broadway_b,
          co_window_corner_cb, co_window_4corner_a, glass_columns_a,
          glass_columns_a, glass_columns_c, glass_columns_a, glass_columns_c
D:10:     layout_roguey, mainiacjoe_overflow_surrounded_room,
          minmay_lair_entry_grove, nrook_uturn, serial_bayou_crossing,
          uniq_erolcha, uniq_psyche
Temple:   eino_wide_crystal_templ
Lair:1:   layout_chaotic_city, uniq_grum
Lair:2:   minmay_lair_oklob_chamber, layout_cave_pods, swamp_mist,
          gammafunk_ghost_grave, minivault_27, serial_bayou_pond_a,
          uniq_nergalle
Lair:3:   layout_roguey, spider_nest_entry_webs, hellmonk_guarded_unrand_zhor
Lair:4:   layout_loops_ring, slime_entry_1
Lair:5:   due_jungle_book, layout_cave_pods, serial_bayou_shore_b,
          lemuel_fruit_tree
Orc:1:    layout_caves, serial_shops, shop
Orc:2:    st_orc_ogre_mass, layout_caves, serial_shops,
          nicolae_book_shop_shelving, nicolae_shop_rolled_up, shop_statue,
          mines2_lemuel

Skill      XL: |  1  2  3  4  5  6  7  8  9 10 11 12 13 |
---------------+----------------------------------------+-----
Spellcasting   | 1 2 3 5 |  5.7
Stealth        | 4 5 7 8 |  8.7
Fighting       | 3 5 6 8 |  8.5
Throwing       | 2 7 9 |  9.3
Summonings     | 2 3 4 6 9 |  9.0
Maces & Flails | 7 9 |  9.0
Hexes          | 3 4 |  4.7
Necromancy     | 3 4 6 |  6.6
Armour         | 2 |  2.7
Shields        | 1 3 |  3.1
Dodging        | 2 |  2.7
Air Magic      | 3 7 |  7.4
Short Blades   | |  1.7

Action                     |  1- 3 |  4- 6 |  7- 9 | 10-12 | 13-15 || total
---------------------------+-------+-------+-------+-------+-------++-------
  Melee: Dagger            |   110 |    99 |   152 |       |       ||   361
         Punch             |       |     1 |     4 |     2 |     2 ||     9
         Tailslap          |       |     4 |    36 |    41 |    20 ||   101
         Mace              |       |       |    43 |   260 |   107 ||   410
  Throw: Dart              |    14 |    15 |    44 |    35 |     3 ||   111
         Throwing net      |       |       |     1 |       |       ||     1
         Boomerang         |       |       |       |   149 |    17 ||   166
   Cast: Summon Lightning  |       |       |       |     8 |    28 ||    36
         Dispel Undead     |       |       |       |     1 |       ||     1
         Call Canine Famil |       |       |       |       |     6 ||     6
         Summon Small Mamm |       |       |       |       |     3 ||     3
  Evoke: Wand              |       |       |     6 |    16 |       ||    22
    Use: Scroll            |       |     6 |     2 |    16 |     4 ||    28
         Potion            |       |       |     2 |     3 |     1 ||     6
   Stab: Sleeping          |     5 |     2 |     8 |    12 |    11 ||    38
         Distracted        |       |       |     1 |     6 |     2 ||     9
 Armour: Robe              |    28 |    32 |    41 |    75 |    29 ||   205
         Animal skin       |       |       |       |       |    26 ||    26
  Dodge: Dodged            |    56 |    54 |    89 |   152 |    82 ||   433
  Block: Other             |       |    17 |    37 |    47 |    33 ||   134
         Reflection        |       |     2 |       |     1 |       ||     3
         Tower shield      |       |       |       |    55 |       ||    55

Table legend: (Time is in decaauts)
 A = Elapsed time spent in this place.
 B = Non-inter-level travel time spent in this place.
 C = Inter-level travel time spent in this place.
 D = Time resting spent in this place.
 E = Time spent auto-exploring this place.
 F = Levels seen in this place.
 G = Mean time per level.
                   A        B        C        D        E       F      G
               +--------+--------+--------+--------+--------+-----+--------+
         Total |  18852 |  17544 |   1308 |   1974 |  11050 |  18 | 1047.3 |
       Dungeon |  11565 |  10443 |   1122 |   1085 |   6839 |  10 | 1156.5 |
        Temple |     62 |     49 |     13 |      0 |     30 |   1 |   62.0 |
          Lair |   5073 |   4903 |    170 |    724 |   3180 |   5 | 1014.6 |
  Orcish Mines |   2150 |   2147 |      3 |    165 |   1001 |   2 | 1075.0 |
               +--------+--------+--------+--------+--------+-----+--------+

Top non-repeatable levels by time:
  Lair:2: 1824 daAuts
     D:4: 1482 daAuts
  Lair:3: 1481 daAuts
     D:6: 1336 daAuts
   Orc:2: 1336 daAuts
     D:3: 1321 daAuts
     D:8: 1254 daAuts
     D:9: 1248 daAuts
    D:10: 1208 daAuts
     D:5: 1138 daAuts
     D:7: 949 daAuts
     D:2: 911 daAuts
  Lair:1: 850 daAuts
   Orc:1: 814 daAuts
  Lair:4: 807 daAuts
